cohdb
Replays
Latest Replays
All Replays
Popular Replays
Top Player Replays
Match Explorer
How It Works
Community
CoH3 Stats
Reddit
Sign in to upload your games and track your stats! →
Sign in with Steam
Match 45879663
Unlisted
Match 45879663
Overview
Messages
Build Orders
End
Kettenkrad Recon Vehicle
Construct Infanterie Kompanie
GrW 34 Mortar Team
Grenadier Squad
Grenadier Squad
Construct Panzergrenadier Kompanie
Pak 40 Anti-tank Gun Team
251 Medium Carrier
Selects Mechanized Battlegroup
Selects Mechanized Battlegroup
Selects Mechanized Battlegroup
Selects Mobile Repair Stations
MG 42 Machine Gun Team
Construct Luftwaffe Kompanie
251 Medium Carrier
Pak 40 Anti-tank Gun Team
Selects Wespe Self-propelled Artillery
Kettenkrad Recon Vehicle
Support Elements
moemoe
Embla
Sakemy
Floral Haven.
Jm200092
Scherzando
Nostalgia
新年辞旧喜洋洋
0
0
Comments
sign in to comment!
No comments posted yet!